 Dungeon Crawl Stone Soup version 0.29-a0-670-g5ff2a30383 (webtiles) character file.

Game seed: 15764460084526963126

968 Glokmah the Firebug (level 7, -4/36 HPs)
             Began as a Deep Elf Fire Elementalist on June 24, 2022.
             Was a Follower of Sif Muna.
             Slain by an orc warrior
             ... wielding a +0 broad axe
              (11 damage)
             ... in a bailey.
             The game lasted 00:12:44 (6051 turns).

Glokmah the Firebug (Deep Elf Fire Elementalist)    Turns: 6051, Time: 00:12:44

Health: -4/36      AC:  4    Str:  5    XL:     7   Next: 93%
Magic:  12/17      EV: 12    Int: 22    God:    Sif Muna [*.....]
Gold:   294        SH:  0    Dex: 15    Spells: 2/17 levels left

rFire   + . .      SeeInvis .   a - +2 whip (elec)
rCold   x . .      Faith    .   f - orb {mayhem}
rNeg    . . .      Spirit   .   C - +0 robe
rPois   .          Reflect  .   m - +2 hat
rElec   .          Harm     .   (no cloak)
rCorr   .          Rampage  .   (no gloves)
Will    .....                   (no boots)
Stlth   ++........              (no amulet)
HPRegen 0.12/turn               x - ring of fire
MPRegen 0.15/turn               i - ring of wizardry

@: no status effects
A: no striking features
a: Renounce Religion, Channel Magic


You were in a bailey.
You worshipped Sif Muna.
Sif Muna was aware of your devotion.
You visited 2 branches of the dungeon, and saw 7 of its levels.
You also visited: Bailey.

You collected 294 gold pieces.

Inventory:

Hand Weapons
 a - a +2 whip of electrocution (weapon)
 q - a +2 flail of protection
Missiles
 e - 41 stones
 h - 2 poisoned darts
Armour
 f - an orb of mayhem (worn)
 m - a +2 hat (worn)
 C - a +0 robe (worn)
Jewellery
 i - a ring of wizardry (right hand)
 p - a ring of resist corrosion
 w - a ring of poison resistance
 x - a ring of fire (left hand)
 A - a ring of see invisible
Scrolls
 g - 2 scrolls of teleportation
 j - a scroll of immolation
 k - 2 scrolls of identify
 l - a scroll of blinking {unknown}
 o - a scroll of silence {unknown}
 s - 3 scrolls of fog {unknown}
 u - 3 scrolls of amnesia
 v - 2 scrolls of poison
 y - 4 scrolls of fear
 D - a scroll of acquirement
 E - a scroll of enchant weapon {unknown}
Potions
 b - 2 potions of magic
 c - a potion of attraction {unknown}
 d - a potion of invisibility {unknown}
 n - a potion of curing {unknown}
 r - a potion of cancellation {unknown}
 t - a potion of mutation {unknown}
 z - 2 potions of heal wounds {unknown}
 B - a potion of brilliance {unknown}


   Skills:
 - Level 2.4 Dodging
 - Level 2.4 Stealth
 + Level 5.9 Spellcasting
 * Level 6.0 Conjurations
 - Level 3.0 Hexes
 * Level 6.9 Fire Magic


You had 2 spell levels left.
You knew the following spells:

 Your Spells              Type           Power      Damage    Failure   Level
a - Foxfire               Conj/Fire      100%       2x1d9     1%          1
b - Scorch                Fire           100%       2d10      1%          2
c - Inner Flame           Hex/Fire       42%        N/A       1%          3
d - Flame Wave            Conj/Fire      51%        2d10      2%          4
e - Fireball              Conj/Fire      25%        3d11      8%          5

Your spell library contained the following spells:

 Spells                   Type           Power      Damage    Failure   Level
 Conjure Flame            Conj/Fire      51%        6-21      1%          3
 Frozen Ramparts          Ice            12%        1d3       12%         3
 Gell's Gravitas          Tloc           6%         N/A       12%         3
 Teleport Other           Tloc           6%         N/A       12%         3
 Ice Form                 Ice/Tmut       6%         N/A       34%         4
 Summon Ice Beast         Ice/Summ       6%         N/A       34%         4
 Starburst                Conj/Fire      25%        6d8       36%         6
 Dispersal                Tloc           3%         N/A       99%         6
 Ignition                 Fire           26%        3d9       100%        8


Dungeon Overview and Level Annotations

Branches:
Dungeon (8/15)             Temple (1/1) D:4          Bailey (1/1)
   Lair: D:8-11

Altars:
Dithmenos
Elyvilon
Fedhas
Gozag
Hepliaklqana
Kikubaaqudgha
Okawaru
Qazlal
Ru
Sif Muna
Uskayaw
Vehumet
Wu Jian
Yredelemnul
Zin
The Shining One


Message History

The orc warrior barely misses you. The gnoll barely misses you.
A kobold comes into view.
The kobold shouts!
You can no longer call upon Sif Muna for magical energy.
The orc warrior hits you with a +0 broad axe!
The gnoll hits you with a +0 hand axe! The gnoll attacks as you move away!
The gnoll barely misses you.
The kobold throws a boomerang.
The boomerang barely misses you. The orc warrior barely misses you.
Casting: Scorch (safe; 1% risk of failure)
Confirm with . or Enter, or press ? or * to list all spells.
Casting: Flame Wave (dangerous; 2% risk of failure)
Press: ? - help, Dir - look around, f - activate You feel a surge of power!
A wave of flame ripples out!
The flame wave engulfs the orc warrior!
The orc warrior is moderately wounded.
The flame wave engulfs the gnoll.
The gnoll is moderately wounded. (Press . to intensify the flame waves.)
The orc warrior hits you with a +0 broad axe!
* * * LOW HITPOINT WARNING * * *
The gnoll hits you but does no damage.
Casting: Flame Wave (dangerous; 2% risk of failure)
Confirm with . or Enter, or press ? or * to list all spells.
Restarting spell: Flame Wave (dangerous; 2% risk of failure)
Press: ? - help, Dir - look around, f - activate You feel a surge of power!
A wave of flame ripples out!
The flame wave engulfs the kobold.
You kill the kobold!
Sif Muna accepts your kill.
The flame wave engulfs the orc warrior!
The orc warrior is almost dead.
The flame wave engulfs the gnoll!!
You kill the gnoll!
Sif Muna accepts your kill.
You can now call upon Sif Muna for magical energy. (Press . to intensify the flame waves.)
You feel less invigorated.
The orc warrior hits you with a +0 broad axe!
You die...

#..........#≈≈♣
'....8..8..#≈≈♣
####........#≈≈♣
≈≈≈##......##≈≈♣
..)≈#.....##...♣
..!≈#....##....♣
8.8##....#.....♣♣
...#.....'..o)..♣
...#.....'.(@∩.∩♣
...#.....'......♣
8.8##..).#.....♣♣
..?≈#....##....♣
..)≈#...(.##...♣
≈≈≈##......##≈≈♣
########.(......#≈≈♣
.).(.(....8..8..#≈≈♣
(§≈≈≈#..........# ♣


You could see an orc warrior.

Vanquished Creatures
  An ice beast (D:4)
  2 ogres (D:5)
  A gnoll sergeant (D:5)
  A necrophage (D:4)
  A jelly (D:5)
  2 hounds (D:5)
  A gnoll shaman (D:4)
  3 iguanas
  An orc wizard (D:3)
  13 gnolls
  10 adders
  A shadow imp (D:5)
  A white imp (D:5)
  An ufetubus (D:4)
  4 dart slugs
  6 orcs
  7 bats
  4 endoplasms
  5 giant cockroaches
  13 goblins
  11 hobgoblins
  10 jackals
  6 quokkas
  9 ball pythons
  3 frilled lizards
  12 kobolds
  8 rats
137 creatures vanquished.

Vanquished Creatures (collateral kills)
  3 orcs
  An endoplasm (D:3)
  2 kobolds
  A rat (D:2)
7 creatures vanquished.

Vanquished Creatures (others)
  253 foxfires
  A plant (D:1)
254 creatures vanquished.

Grand Total: 398 creatures vanquished

Notes
Turn   | Place    | Note
-------+----------+-------------------------------------------
     0 | D:1      | Glokmah the Deep Elf Fire Elementalist began the quest for
                  | the Orb.
     0 | D:1      | Reached XP level 1. HP: 10/10 MP: 6/6
   160 | D:1      | Reached XP level 2. HP: 15/15 MP: 2/8
   539 | D:1      | Learned a level 2 spell: Scorch
   989 | D:1      | Reached XP level 3. HP: 18/19 MP: 6/9
  1323 | D:1      | Found a faded altar of an unknown god.
  1714 | D:2      | Learned a level 3 spell: Inner Flame
  2049 | D:2      | Reached XP level 4. HP: 18/24 MP: 6/11
  2171 | D:2      | Reached skill level 1 in Hexes
  2374 | D:2      | Learned a level 4 spell: Flame Wave
  2573 | D:3      | Reached XP level 5. HP: 28/28 MP: 1/13
  3922 | D:4      | Noticed an ice beast
  3930 | D:4      | Killed an ice beast
  3931 | D:4      | Reached skill level 5 in Fire Magic
  3931 | D:4      | Reached XP level 6. HP: 32/32 MP: 3/14
  4868 | D:4      | Found a staircase to the Ecumenical Temple.
  4875 | Temple   | Entered the Ecumenical Temple
  5103 | Temple   | Became a worshipper of Sif Muna the Loreminder
  5382 | D:5      | Entered Level 5 of the Dungeon
  5420 | D:5      | Reached skill level 5 in Spellcasting
  5420 | D:5      | Reached skill level 5 in Conjurations
  5420 | D:5      | Reached XP level 7. HP: 36/36 MP: 6/16
  5812 | D:5      | Learned a level 5 spell: Fireball
  5865 | D:5      | You fall into a shaft and drop 3 floors!
  5877 | D:8      | Found a flagged portal.
  5967 | Bailey   | Entered a bailey
  5972 | Bailey   | Noticed an orc warlord
  5976 | Bailey   | Reached * piety under Sif Muna
  6051 | Bailey   | Slain by an orc warrior

Illustrated notes

Levels and vault maps discovered:
D:1:      dpeg_arrival_shrine, layout_loops_cross,
          shapermc_ecumenical_altar_hornbeckon, minmay_misc_feat_hallway,
          wander_ebering_terrifying_dragon_lair
D:2:      layout_basic
D:3:      layout_loops_ring, minmay_starry_boxes
D:4:      layout_basic, minmay_temple_entry_wispy
D:5:      layout_gridville, nemelex_xobeh_ov_fountains_minmay,
          mainiacjoe_overflow_chevrons, serial_shops, kennysheep_little_box
D:8:      minmay_the_grid_triangle_9x9_rhombus_full
          [minmay_the_grid_triangle_9x9_steps,
          minmay_the_grid_triangle_9x9_sprig,
          minmay_the_grid_triangle_9x9_impossible_snake,
          minmay_the_grid_triangle_9x9_skeleton,
          minmay_the_grid_triangle_9x9_corrupted_corridor,
          minmay_the_grid_triangle_9x9_limited_checkers,
          minmay_the_grid_triangle_9x9_alien,
          minmay_the_grid_triangle_9x9_prize_special], layout_basic,
          cheibrodos_ashenzari_chains, enter_bailey_8
Temple:   regret_index_temple_sphere_string
Bailey:   bailey_axe_bossmonster_kennysheep, bailey

Skill      XL: |  1  2  3  4  5  6  7 |
---------------+----------------------+-----
Conjurations   | 2 3 4 5 6 |  6.0
Fire Magic     | 4 5 6 |  6.9
Hexes          | 1 2 3 |  3.0
Spellcasting   | 4 5 |  5.9
Dodging        | |  2.4
Stealth        | |  2.4

Action                   |  1- 3 |  4- 6 |  7- 9 || total
-------------------------+-------+-------+-------++-------
Melee: Flail             |       |     4 |       ||     4
       Whip              |       |       |     3 ||     3
 Cast: Foxfire           |    49 |    63 |    37 ||   149
       Scorch            |    19 |    44 |     6 ||    69
       Inner Flame       |       |     5 |     5 ||    10
       Flame Wave        |       |     3 |     3 ||     6
Invok: Channel Magic     |       |       |     1 ||     1
  Use: Scroll            |       |       |     6 ||     6
Armor: Robe              |     6 |    15 |     2 ||    23
Dodge: Dodged            |    17 |    25 |     8 ||    50

Table legend: (Time is in decaauts)
 A = Elapsed time spent in this place.
 B = Non-inter-level travel time spent in this place.
 C = Inter-level travel time spent in this place.
 D = Time resting spent in this place.
 E = Time spent auto-exploring this place.
 F = Levels seen in this place.
 G = Mean time per level.
                   A        B        C        D        E       F      G
               +--------+--------+--------+--------+--------+-----+--------+
         Total |   6053 |   5698 |    355 |    899 |   3746 |   8 |  756.6 |
       Dungeon |   5732 |   5429 |    303 |    896 |   3575 |   6 |  955.3 |
        Temple |    238 |    186 |     52 |      0 |    171 |   1 |  238.0 |
        Bailey |     83 |     83 |      0 |      3 |      0 |   1 |   83.0 |
               +--------+--------+--------+--------+--------+-----+--------+

Top non-repeatable levels by time:
     D:3: 1558 daAuts
     D:1: 1495 daAuts
     D:4: 1307 daAuts
     D:2: 1050 daAuts
  Temple: 238 daAuts
     D:5: 219 daAuts
     D:8: 100 daAuts
  Bailey: 83 daAuts
